 Dungeon Crawl Stone Soup version 0.30.0-18-gc0e69614cb (webtiles) character file.

Game seed: 961636938318769124

600239 ryw the Conqueror (level 26, -17/242 HPs)
             Began as a Demonspawn Monk on May 15, 2023.
             Was the Champion of Okawaru.
             Killed from afar by an orb of fire (28 damage)
             ... with a fireball
             ... on level 5 of the Realm of Zot on May 24, 2023.
             The game lasted 02:35:15 (64384 turns).

ryw the Conqueror (Demonspawn Monk)                Turns: 64384, Time: 02:35:15

Health: -17/242    AC: 49    Str: 24    XL:     26   Next: 46%
Magic:  0/32       EV: 13    Int: 15    God:    Okawaru [******]
Gold:   7825       SH: 20    Dex: 26    Spells: 31/31 levels left

rFire   + . .        c - +9 eveningstar (vamp)
rCold   . . .        J - +3 buckler {reflect}
rNeg    . . .        O - +10 crystal plate armour of Qov Rypa {rC- rCorr Str+3 Dex+4}
rPois   +            (helmet unavailable)
rElec   .            H - scarf of Bacoewk {rC+ rF+, MP+9 Int+3 Dex+3}
rCorr   +            E - +2 pair of gloves {Dex+3}
SInv    .            W - +2 pair of boots {rampage}
Will    +....        S - brooch of Shielding {Spirit SH+8}
Stlth   x              - ring "Esurragh" {Fly Str+4}
HPRegen 1.40/turn    R - ring of poison resistance
MPRegen 0.23/turn

%: random rage (9%), reflection, guardian spirit, rampage
@: lethally poisoned (-17 -> -17), about to teleport, heroic, marked, corroded,
flying, unable to drink
A: horns 3, powered by death 3, spiny 3, sharp scales 3, corrupting presence 2,
berserk 2, clumsy 1, low MP 2, regeneration 1, shaggy fur 1, weak 2, no potion
heal 1, inability to drink after injury 2
}: 3/15 runes: serpentine, barnacled, silver
a: Renounce Religion, Heroism, Finesse, Duel


You were on level 5 of the Realm of Zot.
You worshipped Okawaru.
Okawaru was exalted by your worship.
You visited 10 branches of the dungeon, and saw 48 of its levels.
You visited the Abyss 2 times.

You collected 8318 gold pieces.
You spent 493 gold pieces at shops.

Inventory:

Hand Weapons
 c - a +9 vampiric eveningstar (weapon)
 n - a +3 demon whip of venom
 Z - a +1 vampiric demon whip
Armour
 E - a +2 pair of gloves of dexterity (worn)
 H - the scarf of Bacoewk (worn) {rC+ rF+, MP+9 Int+3 Dex+3}
   (Okawaru gifted it to you on level 2 of the Lair of Beasts)

   Int:       It affects your intelligence (+3).
   Dex:       It affects your dexterity (+3).
   MP:        It affects your magic capacity (+9).
 J - a +3 buckler of reflection (worn)
 O - the +10 crystal plate armour of Qov Rypa (worn) {rC- rCorr Str+3 Dex+4}
   (Okawaru gifted it to you on level 5 of the Lair of Beasts)

   Str:       It affects your strength (+3).
   Dex:       It affects your dexterity (+4).
   rC:        It makes you vulnerable to cold.
   rCorr:     It protects you from acid and corrosion.
 T - a +0 kite shield of reflection
 W - a +2 pair of boots of rampaging (worn)
Jewellery
 b - the ring "Qaluchaw" {+Blink Fly Will+}
   (You found it on level 2 of the Depths)

   [ring of flight]

   Fly:       It grants you flight.
   +Blink:    It lets you blink.
   Will:      It increases your willpower.
 s - the amulet "Sownok" {Harm Regen+}
   (You found it on level 3 of the Elven Halls)

   [amulet of regeneration]

   Regen:     It increases your rate of health regeneration.
   Harm:      It increases damage dealt and taken.
 u - the ring "Dugoic" {Contam Fly Int+9 SInv}
   (You found it on level 3 of the Elven Halls)

   [ring of flight]

   Int:       It affects your intelligence (+9).
   SInv:      It lets you see invisible.
   Fly:       It grants you flight.
   Contam:    It causes magical contamination when unequipped.
 v - the amulet of Doubts {-Cast rElec Regen+ Dex+2}
   (You found it on level 2 of the Depths)

   [amulet of regeneration]

   Dex:       It affects your dexterity (+2).
   rElec:     It insulates you from electricity.
   -Cast:     It prevents spellcasting.
   Regen:     It increases your rate of health regeneration.
 x - the ring "Esurragh" (left hand) {Fly Str+4}
   (You found it on level 5 of the Dungeon)

   [ring of flight]

   Str:       It affects your strength (+4).
   Fly:       It grants you flight.
 P - the amulet of the Original Sin {+Inv rElec Regen+}
   (You took it off a frost giant on level 5 of the Vaults)

   [amulet of regeneration]

   rElec:     It insulates you from electricity.
   +Inv:      It lets you turn invisible.
   Regen:     It increases your rate of health regeneration.
 R - a ring of poison resistance (right hand)
 S - the brooch of Shielding (around neck) {Spirit SH+8}
   (You found it on level 8 of the Dungeon)

   [amulet of guardian spirit]

   It causes incoming damage to be divided between your reserves of health and
   magic.
   SH:        It affects your SH (+8).
Wands
 l - a wand of quicksilver (27)
 o - a wand of digging (56)
 q - a wand of flame (64) (quivered)
 A - a wand of polymorph (11)
 C - a wand of paralysis (43)
 L - a wand of iceblast (43)
 U - a wand of mindburst (37)
Scrolls
 a - 3 scrolls of enchant armour
 e - 5 scrolls of magic mapping
 f - 11 scrolls of teleportation
 h - 4 scrolls of butterflies
 j - 4 scrolls of enchant weapon
 k - 49 scrolls of identify
 p - 6 scrolls of poison
 t - 4 scrolls of fog
 w - 3 scrolls of silence
 y - 8 scrolls of amnesia
 z - 8 scrolls of blinking
 D - 6 scrolls of immolation
 M - 9 scrolls of fear
 V - 2 scrolls of brand weapon
Potions
 d - 4 potions of ambrosia
 g - 12 potions of heal wounds
 i - 12 potions of attraction
 m - 8 potions of lignification
 r - 16 potions of flight
 B - 6 potions of berserk rage
 F - 6 potions of might
 G - 12 potions of haste
 I - 2 potions of magic
 K - 10 potions of curing
 N - 8 potions of mutation
 Q - 4 potions of cancellation
 X - 2 potions of resistance
 Y - 7 potions of brilliance


   Skills:
 O Level 27 Fighting
 + Level 18.1(23.1) Maces & Flails
 - Level 18.0(23.0) Ranged Weapons
 + Level 26.2(27) Armour
 - Level 5.0(10.0) Dodging
 - Level 8.0(13.0) Shields
 - Level 2.6(7.6) Unarmed Combat
 - Level 3.1 Spellcasting
 - Level 8.0 Invocations


You had 31 spell levels left.
You didn't know any spells.
Your spell library contained the following spells:

 Spells                   Type           Power      Damage    Failure   Level
 Apportation              Tloc           4%         N/A       86%         1
 Freeze                   Ice            8%         1d3       86%         1
 Magic Dart               Conj           8%         1d3       86%         1
 Necrotise                Necr           8%         1d4       86%         1
 Sandblast                Erth           4%         2d4       86%         1
 Shock                    Conj/Air       8%         1d3       86%         1
 Slow                     Hex            8%         N/A       86%         1
 Cigotuvi's Dreadful Rot  Necr/Pois/Air  4%         N/A       94%         2
 Lesser Beckoning         Tloc           4%         N/A       94%         2
 Passwall                 Tmut/Erth      1%         N/A       94%         2
 Poisonous Vapours        Pois/Air       4%         N/A       94%         2
 Scorch                   Fire           4%         2d5       94%         2
 Static Discharge         Conj/Air       4%         2-3/arc   94%         2
 Confusing Touch          Hex            2%         N/A       99%         3
 Frozen Ramparts          Ice            4%         1d1       99%         3
 Gell's Gravitas          Tloc           2%         N/A       99%         3
 Hailstorm                Conj/Ice       2%         3d3       99%         3
 Ignite Poison            Fire/Tmut/Pois 2%         N/A       99%         3
 Mephitic Cloud           Conj/Pois/Air  2%         N/A       99%         3
 Ozocubu's Armour         Ice            2%         N/A       99%         3
 Portal Projectile        Hex/Tloc       4%         N/A       99%         3
 Stone Arrow              Conj/Erth      4%         3d7       99%         3
 Teleport Other           Tloc           2%         N/A       99%         3
 Vampiric Draining        Necr           2%         2d6       99%         3
 Volatile Blastmotes      Fire/Tloc      4%         2d10      99%         3
 Airstrike                Air            1%         2d(1-17)  100%        4
 Flame Wave               Conj/Fire      2%         2d4       100%        4
 Fulminant Prism          Conj/Hex       1%         3d5       100%        4
 Ice Form                 Ice/Tmut       2%         N/A       100%        4
 Iskenderun's Mystic Bla  Conj/Tloc      2%         2d3       100%        4
 Leda's Liquefaction      Hex/Erth       1%         N/A       100%        4
 Manifold Assault         Tloc           2%         N/A       100%        4
 Petrify                  Tmut/Erth      2%         N/A       100%        4
 Alistair's Intoxication  Tmut/Pois      1%         N/A       100%        5
 Blade Hands              Tmut           1%         N/A       100%        5
 Borgnjor's Vile Clutch   Necr/Erth      1%         N/A       100%        5
 Fireball                 Conj/Fire      1%         3d3       100%        5
 Freezing Cloud           Conj/Ice/Air   1%         6-21      100%        5
 Irradiate                Conj/Tmut      1%         3d12      100%        5
 Iskenderun's Battlesphe  Conj           2%         2d6       100%        5
 Lee's Rapid Deconstruct  Erth           1%         3d4*      100%        5
 Metabolic Englaciation   Hex/Ice        1%         N/A       100%        5
 Yara's Violent Unravell  Hex/Tmut       1%         3d3       100%        5
 Conjure Ball Lightning   Conj/Air       1%         3x3d6     100%        6
 Dispersal                Tloc           1%         N/A       100%        6
 Eringya's Noxious Bog    Tmut/Pois      1%         N/A       100%        6
 Iron Shot                Conj/Erth      1%         9d1       100%        6
 Starburst                Conj/Fire      1%         6d3       100%        6
 Statue Form              Tmut/Erth      1%         N/A       100%        6
 Dragon Form              Tmut           1%         N/A       100%        7
 Orb of Destruction       Conj           1%         9d5       100%        7
 Ozocubu's Refrigeration  Ice            1%         4d7       100%        7
 Storm Form               Tmut/Air       1%         N/A       100%        7
 Disjunction              Tloc           1%         N/A       100%        8
 Necromutation            Tmut/Necr      1%         N/A       100%        8
 Summon Small Mammal      Summ           Unusable   N/A       N/A         1
 Call Imp                 Summ           Unusable   N/A       N/A         2
 Call Canine Familiar     Summ           Unusable   N/A       N/A         3
 Summon Guardian Golem    Hex/Summ       Unusable   N/A       N/A         3
 Tukima's Dance           Hex            Unusable   N/A       N/A         3
 Animate Armour           Summ/Erth      Unusable   N/A       N/A         4
 Summon Ice Beast         Ice/Summ       Unusable   N/A       N/A         4
 Summon Lightning Spire   Summ/Air       Unusable   N/A       N/A         4
 Simulacrum               Ice/Necr       Unusable   N/A       N/A         6
 Summon Cactus Giant      Summ           Unusable   N/A       N/A         6
 Spellforged Servitor     Conj/Summ      Unusable   N/A       N/A         7

Dungeon Overview and Level Annotations

Branches:
Dungeon (15/15)            Temple (1/1) D:6            Lair (5/5) D:10
 Shoals (4/4) Lair:3        Snake (4/4) Lair:2        Slime (0/5) Lair:5
    Orc (2/2) D:10            Elf (3/3) Orc:2        Vaults (5/5) D:14
  Crypt (0/3) Vaults:2     Depths (4/4) D:15            Zot (5/5) Depths:4

Altars:
Ashenzari
Cheibriados
Dithmenos
Fedhas
Gozag
Hepliaklqana
Kikubaaqudgha
Makhleb
Nemelex Xobeh
Okawaru
Qazlal
Ru
Sif Muna
Trog
Uskayaw
Vehumet
Wu Jian
Xom
Yredelemnul
Lugonu

Shops:
Orc:1 [   Orc:2 ([=*   Elf:1 (*   Elf:2 =   Snake:1 ?   Snake:2 :==
Vaults:1 (   Vaults:4 !   Depths:2 ?

Portals:
Hell: Depths:1 Depths:2 Depths:3 Depths:4
Abyss: Depths:1 Depths:3
Pandemonium: Depths:2
Ziggurat: Depths:1
Trove: Depths:2 (give 2 scrolls of acquirement)

Annotations:
D:3 2 transporters, ryak's ghost, weakling GnCA
Lair:5 1 runed translucent door
Depths:3 6 runed translucent doors
Zot:1 6 transporters


Innate Abilities, Weirdness & Mutations

You have a pair of large horns on your head.
You regenerate a lot of health from kills.
You are completely covered in sharp spines.
You are completely covered in razor-sharp scales. (AC +3, Slay +3)
Your presence sometimes corrodes or deforms those you injure.
You have an uncontrollable temper.
You are clumsy. (Dex -2)
Your magical capacity is very low. (-20% MP)
Your natural rate of healing is unusually fast.
You are covered in fur. (AC +1)
You are very weak. (Str -4)
Potions are less effective at restoring your health.
You sometimes lose the ability to drink potions when taking damage.


Message History

You block the white draconian's attack.
You feel sick.
The yellow draconian rages.
The green draconian monk attacks as you move away!
You block the green draconian monk's attack.
The green draconian monk barely misses you.
You block the green draconian monk's attack.
The green draconian monk tail-slaps you but does no damage.
You feel sick.
The orb of fire emits a lurid red light.
The bolt of fire hits you!! You resist.
* * * LOW HITPOINT WARNING * * *
The Killer Klown blinks!
You block the green draconian monk's attack.
The green draconian monk kicks you!
* * * LOW HITPOINT WARNING * * *
You block the green draconian monk's attack.
The green draconian monk tail-slaps you but does no damage.
The yellow draconian hits you but does no damage.
The Killer Klown disappears!
The green draconian monk attacks as you move away!
You block the green draconian monk's attack.
The green draconian monk kicks you but does no damage.
The green draconian monk tail-slaps you but does no damage. x2
You feel sick.
The yellow draconian pulls the alarm!
The alarm trap emits a blaring wail!
A sentinel's mark forms upon you.
The yellow draconian annihilator casts a spell.
The yellow draconian annihilator blinks!
The moth of wrath disappears!
You block the red draconian's attack.
The green draconian monk attacks as you move away!
You block the green draconian monk's attack.
The green draconian monk kicks you!
* * * LOW HITPOINT WARNING * * *
You block the green draconian monk's attack.
The green draconian monk tail-slaps you but does no damage.
You feel sick.
The orb of fire glows bright magenta.
The fireball explodes!
The fireball engulfs you!! You resist.
You die...

▓▓▓▓▓▓▓▓▓▓▓▓▓
▓▓▓▓......^......
▓▓▓...........^.....
▓▓................... ▓▓▓▓▓▓▓
▓.......@.§...........
......▓▓▓.........dd..........
.......▓▓.......^q*...........
...(....▓)...^...dddq.........
^.0.^.^)))...†^...............
........▓.....................
.......▓▓.....................
......▓▓▓.^............)......
▓▓▓▓▓▓▓ #..............§......


You could see an orb of fire, a green draconian monk (berserk), a yellow
draconian (berserk), a purple draconian (berserk), a red draconian (berserk), 2
draconians and a yellow draconian annihilator.

Vanquished Creatures
  5 dread liches
  9 orbs of fire
  An ancient lich (Zot:5)
  A juggernaut (Depths:4)
  5 Killer Klowns
  A shard shrike (shapeshifter) (Vaults:5)
  Bai Suzhen (Vaults:3)
  Parghit (Zot:2)
  Frederick (Depths:4)
  2 caustic shrikes (Depths:2)
  11 golden dragons
  Jory (Vaults:5)
  Nikola (Vaults:2)
  A bone dragon (Abyss:3)
  2 electric golems (Zot:5)
  19 tentacled monstrosities
  8 liches
  Rupert (D:14)
  Jorgrun (Lair:2)
  25 Orb Guardians (Zot:5)
  2 walking earthen tomes (Depths:2)
  The ghost of Gos Vomu the Executioner, an adept DsFi of Okawaru (Vaults:3)
  2 deep elf blademasters (Elf:3)
  Asterion (Elf:2)
  2 deep elf master archers (Elf:3)
  8 quicksilver dragons
  Gastronok (Orc:1)
  The ghost of croobank the Rich, an adept GnFE of Gozag (Snake:4)
  2 sphinxes
  5 titans
  The ghost of Zonian the Severer, an adept HOFi of Beogh (Snake:4)
  Kirke (D:12)
  The ghost of STUDMUFFIN1 the Slayer, an adept MiBe of Trog (Snake:4)
  11 death cobs
  Agnes (Elf:2)
  12 shadow dragons
  18 storm dragons
  4 tengu reavers
  Roxanne (D:14)
  Donald (Vaults:3)
  4 draconian monks
  A nagaraja (Snake:4)
  Ilsuiw (Shoals:3)
  7 fire giants
  12 frost giants
  3 draconian knights
  Louise (Depths:3)
  11 deep elf sorcerers
  15 vault wardens
  Aizul (Elf:2)
  A balrug (Abyss:3)
  2 ghost moths
  6 draconian shifters
  10 draconian scorchers
  An emperor scorpion (shapeshifter) (Vaults:5)
  5 deep elf elementalists
  3 orc warlords
  An angel (Depths:1)
  A caustic shrike skeleton (Depths:1)
  23 ironbound preservers
  2 draconian stormcallers
  5 draconian annihilators
  A reaper (Depths:2)
  4 spriggan defenders (Depths:2)
  26 very ugly things
  17 stone giants
  14 green draconians
  3 war gargoyles (Vaults:2)
  9 ironbound thunderhulks
  A broodmother (shapeshifter) (Vaults:5)
  9 deep elf demonologists
  10 black draconians
  5 vampire knights
  6 purple draconians
  7 yellow draconians
  7 deep elf annihilators (Elf:3)
  13 white draconians
  11 dire elephants
  A spark wasp (shapeshifter) (Vaults:5)
  6 red draconians
  6 spark wasps
  10 deep elf death magi
  17 ettins
  3 jiangshi (Depths:1)
  7 merfolk javelineers
  7 merfolk impalers
  Josephine (D:11)
  12 fire dragons
  4 deep elf high priests
  11 yaktaur captains
  A great orb of eyes (shapeshifter) (D:14)
  10 great orbs of eyes
  3 rakshasas
  33 vault guards
  Erolcha (D:12)
  4 salamander tyrants
  5 spriggan air magi
  6 hydras
  2 catoblepae (Lair:5)
  4 ice dragons
  2 merfolk avatars
  5 ogre magi
  3 peacekeepers
  5 merfolk aquamancers
  7 boulder beetles
  14 anacondas
  2 alligator snapping turtles
  8 ironbound frosthearts
  16 centaur warriors
  9 two-headed ogres
  Erica (D:9)
  7 death yaks (Lair:5)
  2 vampire magi
  8 deep troll shamans
  32 dancing weapons
  19 deep troll earth magi
  9 naga warriors
  2 thrashing horrors (Abyss:3)
  6 tengu warriors
  2 spriggans (Depths:2)
  2 hell knights (Depths:3)
  5 spriggan berserkers
  Urug (Lair:5)
  9 shock serpents
  An orc high priest (Orc:2)
  10 naga sharpshooters
  A shock serpent (shapeshifter) (D:13)
  Sonja (Lair:2)
  17 deep elf knights
  Nergalle (Lair:3)
  A soul eater (Depths:2)
  8 iron trolls
  6 salamander mystics
  A shadow wraith (Vaults:3)
  2 sea snakes (shapeshifter) (Depths:4)
  A storm dragon zombie (Depths:1)
  2 wretched stars (Abyss:3)
  2 sixfirhies
  11 sea snakes
  6 skysharks
  A large abomination (Abyss:3)
  An orb spider (shapeshifter) (Vaults:3)
  A flayed ghost (Depths:1)
  9 naga ritualists
  3 glowing orange brains
  A golden dragon zombie (Depths:2)
  17 ironbound convokers
  A bunyip skeleton (Abyss:3)
  13 lindwurms
  94 deep trolls
  Pikel (D:7)
  15 deep elf archers
  25 harpies
  3 necromancers
  27 deep elf zephyrmancers
  10 phantasmal warriors
  8 wizards
  5 orc sorcerers
  28 deep elf pyromancers
  18 mana vipers
  10 manticores
  9 orc knights
  A wolf spider (Lair:5)
  25 ugly things
  A frost giant zombie (Depths:1)
  17 salamanders
  8 fauns
  2 oklob plants
  A worldbinder (Abyss:3)
  10 cyclopes
  28 elephants
  22 moths of wrath
  A titan simulacrum (Depths:2)
  47 black mambas
  A frost giant skeleton (Depths:2)
  7 merfolk sirens
  7 guardian serpents
  23 naga magi
  11 water nymphs
  4 unseen horrors
  24 vault sentinels
  2 guardian serpents (shapeshifter)
  A smoke demon (Abyss:3)
  24 cane toads
  Psyche (D:8)
  2 rime drakes
  2 kobold demonologists (D:8)
  22 yaktaurs
  3 freezing wraiths (Vaults:5)
  A spark wasp simulacrum (Depths:1)
  7 komodo dragons
  2 tengu conjurers
  A red devil (Depths:2)
  4 polar bears
  18 merfolk
  A polar bear (shapeshifter) (D:14)
  A meliai (shapeshifter) (D:15)
  11 trolls
  3 meliai (D:15)
  4 wind drakes
  6 raiju
  3 blink frogs (Lair:5)
  7 hornets
  7 dream sheep
  8 snapping turtles
  24 slime creatures
  Sigmund (D:6)
  17 water elementals
  6 air elementals (Elf:3)
  4 shadows
  Eustachio (D:4)
  A ynoxinul (Abyss:2)
  9 wyverns
  5 humans
  6 wraiths
  3 basilisks
  A vampire (D:12)
  2 hogs (D:12)
  45 yaks
  3 chaos spawn
  5 redbacks
  A neqoxec (Depths:2)
  4 fire elementals (Elf:3)
  Grum (D:9)
  A glowing shapeshifter zombie (Depths:2)
  8 vampire mosquitoes
  3 wargs
  A small abomination (Abyss:3)
  35 nagas
  Duvessa (D:4)
  4 acid dragons
  2 floating eyes
  29 water moccasins
  A floating eye (shapeshifter) (Depths:4)
  32 orc warriors
  5 black bears
  10 ogres
  3 boggarts (D:14)
  5 wolves
  11 centaurs
  5 phantoms
  3 kobold brigands
  12 bullfrogs
  A gnoll sergeant (D:9)
  5 earth elementals (Elf:3)
  6 scorpions
  Dowan (D:4)
  8 wights
  18 killer bees
  3 electric eels
  7 howler monkeys
  16 orc priests
  A gnoll bouda (D:7)
  4 hounds
  5 jellies
  16 starcursed masses (Abyss:3)
  An iron imp (Abyss:2)
  8 iguanas
  19 orc wizards
  A hell rat (Lair:5)
  28 gnolls
  5 adders
  2 white imps
  3 ufetubi
  2 worms
  3 dart slugs
  50 orcs
  10 endoplasms
  3 giant cockroaches
  3 goblins
  5 hobgoblins
  2 jackals (D:4)
  25 kobolds
  3 quokkas
  8 ball pythons
  7 bats
  A frilled lizard (D:3)
  8 rats
  A spectral weapon (Vaults:3)
2113 creatures vanquished.

Vanquished Creatures (others)
  An ancient lich (Vaults:5)
  A quicksilver dragon (Zot:1)
  A draconian monk (Zot:3)
  A harpy (Shoals:4)
  A deep elf pyromancer (Elf:1)
  A deep elf zephyrmancer (Elf:3)
  A naga mage (Snake:3)
7 creatures vanquished.

Grand Total: 2120 creatures vanquished

Notes
Turn   | Place    | Note
-------+----------+-------------------------------------------
     0 | D:1      | ryw the Demonspawn Monk began the quest for the Orb.
     0 | D:1      | Reached XP level 1. HP: 18/18 MP: 1/1
   265 | D:1      | Gained mutation: You are partially covered in razor-sharp
                  | scales. (AC +1, Slay +1) [demonic ancestry]
   265 | D:1      | Reached XP level 2. HP: 24/24 MP: 2/2
   967 | D:1      | Reached skill level 4 in Fighting
  1245 | D:2      | Reached XP level 3. HP: 30/30 MP: 3/3
  1984 | D:3      | Found a faded altar of an unknown god.
  2123 | D:3      | Noticed an ogre
  2124 | D:3      | Found a transporter.
  2124 | D:3      | Noticed ryak's ghost (weakling GnCA)
  2124 | D:3      | Identified the +6 great mace of Zisouxow {venom, Str+2}
  2124 | D:3      | Noticed an ogre
  2125 | D:3      | Noticed an ogre
  2131 | D:3      | Found a transporter.
  2170 | D:3      | Reached XP level 4. HP: 38/38 MP: 4/4
  2171 | D:3      | Noticed a centaur
  2186 | D:3      | Killed a centaur
  2187 | D:3      | Reached skill level 5 in Fighting
  2187 | D:3      | Reached XP level 5. HP: 16/45 MP: 5/5
  2652 | D:4      | Reached skill level 6 in Fighting
  2834 | D:4      | Noticed a phantom
  2851 | D:4      | Killed a phantom
  2852 | D:4      | Gained mutation: You have a pair of small horns on your
                  | head. [demonic ancestry]
  2852 | D:4      | Reached XP level 6. HP: 45/53 MP: 6/6
  3199 | D:4      | Reached skill level 1 in Maces & Flails
  3225 | D:4      | Noticed Eustachio
  3374 | D:4      | Killed Eustachio
  3375 | D:4      | Reached skill level 7 in Fighting
  3653 | D:4      | Gained mutation: You are mostly covered in razor-sharp
                  | scales. (AC +2, Slay +2) [demonic ancestry]
  3653 | D:4      | Reached XP level 7. HP: 42/60 MP: 7/7
  3897 | D:5      | Entered Level 5 of the Dungeon
  4046 | D:5      | Noticed Duvessa
  4047 | D:5      | Noticed Dowan
  4261 | D:4      | Killed Duvessa
  4273 | D:4      | Killed Dowan
  4274 | D:4      | Reached skill level 5 in Maces & Flails
  4521 | D:5      | Found an ancient bone altar of Kikubaaqudgha.
  4676 | D:5      | Identified the ring "Esurragh" {Fly Str+4}
  4694 | D:5      | Reached XP level 8. HP: 42/67 MP: 8/8
  5425 | D:5      | Noticed a two-headed ogre
  6299 | D:6      | Reached XP level 9. HP: 57/72 MP: 8/10
  6387 | D:6      | Reached skill level 1 in Armour
  6419 | D:6      | Noticed a troll
  6422 | D:6      | Reached skill level 1 in Spellcasting
  6431 | D:6      | Killed a troll
  6618 | D:6      | Paralysed by a hornet for 2 turns
  6622 | D:6      | Paralysed by a hornet for 3 turns
  6624 | D:6      | HP: 3/72 [hornet (5)]
  6628 | D:6      | Gained mutation: Your movements are slightly less
                  | encumbered by armour. (ER -2) [potion of mutation]
  6628 | D:6      | Gained mutation: You have large cloven feet. [potion of
                  | mutation]
  6647 | D:6      | HP: 3/72 [/a scroll of torment (1)]
  6655 | D:6      | HP: 4/108 [ufetubus (3)]
  6933 | D:6      | Found a staircase to the Ecumenical Temple.
  6941 | Temple   | Entered the Ecumenical Temple
  7135 | Temple   | Became a worshipper of Warmaster Okawaru
  7135 | Temple   | Reached * piety under Okawaru
  7135 | Temple   | Reached ** piety under Okawaru
  7376 | D:6      | Found a snail-covered altar of Cheibriados.
  7555 | D:6      | Noticed Sigmund
  7570 | D:6      | Killed Sigmund
  7903 | D:7      | Identified the +0 rapier of Somm {chaos, rPois}
  8037 | D:7      | Noticed Pikel
  8074 | D:7      | Reached *** piety under Okawaru
  8184 | D:7      | Reached skill level 8 in Fighting
  8192 | D:7      | Killed Pikel
  8193 | D:7      | Reached XP level 10. HP: 74/80 MP: 14/14
  9065 | D:8      | Noticed Psyche
  9148 | D:8      | Reached skill level 5 in Dodging
  9291 | D:8      | Killed Psyche
  9291 | D:8      | Reached **** piety under Okawaru
  9344 | D:8      | Found a transporter.
  9346 | D:8      | Noticed a two-headed ogre
  9347 | D:8      | Noticed a centaur warrior
  9349 | D:8      | Noticed a white ugly thing
  9350 | D:8      | Noticed a cyclops
  9459 | D:8      | Found a transporter.
  9459 | D:8      | Found the brooch of Shielding {Spirit SH+8}
  9468 | D:8      | You are sucked into a shaft and drop 1 floor!
  9883 | D:9      | Received a gift from Okawaru
  9983 | D:9      | Reached skill level 10 in Maces & Flails
 10073 | D:9      | Noticed a +0 spear
 10073 | D:9      | Noticed a +0 falchion
 10073 | D:9      | Noticed a +0 short sword
 10073 | D:9      | Noticed a +0 falchion
 10073 | D:9      | Noticed a +0 spear
 10075 | D:9      | Noticed a +0 dagger
 10322 | D:9      | Noticed Erica
 10331 | D:9      | Killed Erica
 10332 | D:9      | Reached skill level 9 in Fighting
 10332 | D:9      | Reached skill level 5 in Armour
 10408 | D:9      | Found a sparkling altar of Nemelex Xobeh.
 10444 | D:9      | Gained mutation: You are partially covered in sharp spines.
                  | [demonic ancestry]
 10444 | D:9      | Reached XP level 11. HP: 89/89 MP: 15/15
 10447 | D:9      | Found the +1 robe of Vines {NoPotionHeal Regen++++}
 10473 | D:9      | Noticed Grum
 10479 | D:9      | Reached ***** piety under Okawaru
 10483 | D:9      | Killed Grum
 10693 | D:9      | Noticed a four-headed hydra
 10700 | D:9      | Killed a four-headed hydra
 10727 | D:9      | Noticed a +0 short sword
 10727 | D:9      | Noticed a +0 dagger
 10747 | D:9      | Found a hide-covered altar of Uskayaw.
 10825 | D:10     | Entered Level 10 of the Dungeon
 10853 | D:10     | Found a staircase to the Orcish Mines.
 10880 | D:10     | Found a blossoming altar of Fedhas.
 10888 | D:10     | Found a broken altar of Ashenzari.
 10917 | D:10     | Reached skill level 1 in Invocations
 10937 | D:10     | Found a staircase to the Lair.
 11150 | D:9      | Reached skill level 10 in Fighting
 11184 | D:10     | Received a gift from Okawaru
 11213 | D:10     | Found a hazy altar of Hepliaklqana.
 11213 | D:10     | Identified the +1 hand axe "Hagheas" {freeze, Fly rC+}
 11296 | D:10     | Noticed a two-headed ogre
 11305 | D:10     | Killed a two-headed ogre
 11579 | D:11     | Noticed a white ugly thing
 11592 | D:11     | Killed a white ugly thing
 11593 | D:11     | Reached skill level 5 in Invocations
 11811 | D:11     | Noticed a boulder beetle
 11855 | D:11     | Killed a boulder beetle
 11855 | D:11     | Received a gift from Okawaru
 11865 | D:11     | Noticed a centaur warrior
 11878 | D:11     | Killed a centaur warrior
 11928 | D:11     | Noticed a boulder beetle
 11946 | D:11     | Killed a boulder beetle
 11952 | D:11     | Noticed a white ugly thing
 11961 | D:11     | Killed a white ugly thing
 11962 | D:11     | Reached XP level 12. HP: 40/97 MP: 16/16
 12102 | D:11     | Noticed Josephine
 12110 | D:11     | Killed Josephine
 12217 | D:11     | Reached ****** piety under Okawaru
 12507 | Lair:1   | Entered Level 1 of the Lair of Beasts
 12521 | Lair:1   | Identified the +11 longbow "Fillaes" {heavy, Will++ Dex-4}
 13034 | Lair:2   | Noticed Sonja
 13486 | Lair:2   | Identified the scarf of Bacoewk {rC+ rF+, MP+9 Int+3 Dex+3}
                  | (Okawaru gifted it to you on level 2 of the Lair of Beasts)
 13486 | Lair:2   | Received a gift from Okawaru
 13766 | Lair:2   | Reached skill level 15 in Maces & Flails
 13967 | Lair:2   | Gained mutation: You have a pair of horns on your head.
                  | [demonic ancestry]
 13967 | Lair:2   | Reached XP level 13. HP: 92/103 MP: 19/19
 13983 | Lair:2   | Found a staircase to the Snake Pit.
 14336 | Lair:2   | Killed Sonja
 14640 | Lair:3   | Identified the +2 dire flail "Ogrebane" {heavy, Int+2
                  | Dex+3} (Okawaru gifted it to you on level 3 of the Lair of
                  | Beasts)
 14640 | Lair:3   | Received a gift from Okawaru
 14939 | Lair:3   | Reached skill level 11 in Fighting
 14939 | Lair:3   | Reached skill level 1 in Ranged Weapons
 15055 | Lair:3   | Noticed Nergalle
 15065 | Lair:3   | Killed Nergalle
 15249 | Lair:3   | Found a staircase to the Shoals.
 15258 | Lair:3   | Identified the +0 leather armour "Lyckui Ruorr" {Regen+
                  | Int+3 Dex-3}
 15636 | Lair:4   | Reached skill level 5 in Ranged Weapons
 15846 | Lair:4   | Received a gift from Okawaru
 16121 | Lair:5   | Entered Level 5 of the Lair of Beasts
 16241 | Lair:5   | Identified the +10 crystal plate armour of Qov Rypa {rC-
                  | rCorr Str+3 Dex+4} (Okawaru gifted it to you on level 5 of
                  | the Lair of Beasts)
 16241 | Lair:5   | Received a gift from Okawaru
 16463 | Lair:5   | Reached XP level 14. HP: 113/113 MP: 20/20
 16483 | Lair:5   | Found a runed translucent door.
 16483 | Lair:5   | Noticed an azure jelly
 16488 | Lair:5   | Found a staircase to the Slime Pits.
 16513 | Lair:5   | Noticed Urug
 16537 | Lair:5   | Killed Urug
 16813 | Lair:5   | Identified the +0 pair of gloves "Joruifie" {rElec Dex+4
                  | SInv Stlth-} (Okawaru gifted it to you on level 5 of the
                  | Lair of Beasts)
 16813 | Lair:5   | Received a gift from Okawaru
 17046 | Lair:5   | Reached skill level 10 in Ranged Weapons
 17947 | D:8      | Received a gift from Okawaru
 17947 | D:8      | Found the +3 crown of Dyrovepreva {rElec Int+2 SInv}
 17972 | D:8      | Got the Teachings on Gaseous Summoning
 18166 | D:12     | Noticed Kirke
 18179 | D:12     | Killed Kirke
 18322 | D:12     | Gained mutation: You are completely covered in razor-sharp
                  | scales. (AC +3, Slay +3) [demonic ancestry]
 18322 | D:12     | Reached XP level 15. HP: 118/119 MP: 21/21
 18676 | D:12     | Noticed Erolcha
 18684 | D:12     | Killed Erolcha
 19156 | D:13     | Found a runed translucent door.
 19984 | D:14     | Reached skill level 12 in Fighting
 20032 | D:14     | Identified the +0 pair of gloves "Zustre" {Fly rN+ Str+3}
                  | (Okawaru gifted it to you on level 14 of the Dungeon)
 20032 | D:14     | Received a gift from Okawaru
 20080 | D:14     | Noticed Rupert
 20114 | D:14     | Killed Rupert
 20199 | D:14     | Found a gate to the Vaults.
 20245 | D:14     | Noticed Roxanne
 20261 | D:14     | Killed Roxanne
 20865 | D:15     | Entered Level 15 of the Dungeon
 20929 | D:15     | Reached skill level 10 in Armour
 21454 | D:15     | Got the Monograph on Transmutation
 21603 | D:15     | Found a staircase to the Depths.
 21816 | Shoals:1 | Entered Level 1 of the Shoals
 21901 | Shoals:1 | Identified the +5 longbow of Sazeot {freeze, rN+} (Okawaru
                  | gifted it to you on level 1 of the Shoals)
 21901 | Shoals:1 | Received a gift from Okawaru
 21902 | Shoals:1 | Reached skill level 13 in Fighting
 21914 | Shoals:1 | Reached XP level 16. HP: 95/130 MP: 22/22
 22062 | Shoals:1 | Got Lakout's Vademecum on Sandy Evolution
 23052 | Shoals:2 | Identified the +11 quarterstaff of the Moon {pain, rC- rN+
                  | Will+}
 23241 | Shoals:2 | Received a gift from Okawaru
 24519 | Shoals:3 | Reached skill level 14 in Fighting
 24848 | Shoals:3 | Noticed Ilsuiw
 24905 | Shoals:3 | Killed Ilsuiw
 25231 | Shoals:3 | Received a gift from Okawaru
 25406 | Shoals:3 | Identified the staff of poison "Musooredd" {rElec rPois
                  | Str+3}
 25589 | Shoals:4 | Entered Level 4 of the Shoals
 25845 | Shoals:4 | Gained mutation: You have a pair of large horns on your
                  | head. [demonic ancestry]
 25845 | Shoals:4 | Reached XP level 17. HP: 62/135 MP: 13/23
 26186 | Shoals:4 | Got a barnacled rune of Zot
 26213 | Shoals:4 | Lost mutation: Your movements are slightly less encumbered
                  | by armour. (ER -2) [potion of mutation]
 26213 | Shoals:4 | Lost mutation: You have large cloven feet. [potion of
                  | mutation]
 26213 | Shoals:4 | Gained mutation: You possess an exceptional clarity of
                  | mind. [potion of mutation]
 26213 | Shoals:4 | Gained mutation: You are somewhat resistant to further
                  | mutation. [potion of mutation]
 26214 | Shoals:4 | Lost mutation: You possess an exceptional clarity of mind.
                  | [potion of mutation]
 26214 | Shoals:4 | Lost mutation: You are somewhat resistant to further
                  | mutation. [potion of mutation]
 26214 | Shoals:4 | Gained mutation: Your magical capacity is low. (-10% MP)
                  | [potion of mutation]
 26214 | Shoals:4 | Gained mutation: Your flesh is cold resistant. (rC+)
                  | [potion of mutation]
 26360 | Shoals:4 | Received a gift from Okawaru
 26646 | D:10     | Upgraded the game from 0.30.0-10-gfe55d96785 to
                  | 0.30.0-11-gf55b779eaf
 26680 | Snake:1  | Entered Level 1 of the Snake Pit
 26691 | Snake:1  | Noticed Jorgrun
 26699 | Lair:2   | Killed Jorgrun
 27124 | Snake:1  | Reached skill level 15 in Fighting
 27387 | Snake:1  | Found Veabef's Magic Scroll Shop.
 27608 | Snake:2  | Identified the +5 cloak "Conetu" {rF+ Dex+2} (Okawaru
                  | gifted it to you on level 2 of the Snake Pit)
 27608 | Snake:2  | Received a gift from Okawaru
 27614 | Snake:2  | Reached skill level 15 in Ranged Weapons
 27667 | Snake:2  | Found Picuth's Jewellery Shoppe.
 27669 | Snake:2  | Found Lisoitib's Book Boutique.
 27670 | Snake:2  | Found Viofuecs's Jewellery Shoppe.
 29305 | Snake:3  | Identified the +7 flail of Cohem {drain, rN+}
 30115 | Snake:4  | Entered Level 4 of the Snake Pit
 30218 | Snake:3  | HP: 6/144 [poisoned by a naga ritualist (splash of poison)]
 30632 | Snake:4  | Reached skill level 16 in Fighting
 31063 | Snake:4  | Identified the +1 longbow "Giantslayer" {flame, rC+ Dex+6}
                  | (Okawaru gifted it to you on level 4 of the Snake Pit)
 31063 | Snake:4  | Received a gift from Okawaru
 31318 | Snake:4  | Found a runed translucent gate.
 31318 | Snake:4  | Found a runed translucent gate.
 31318 | Snake:4  | Found a runed translucent gate.
 31319 | Snake:4  | Noticed STUDMUFFIN1's ghost (adept MiBe)
 31319 | Snake:4  | Noticed Zonian's ghost (adept HOFi)
 31319 | Snake:4  | Noticed croobank's ghost (adept GnFE)
 31419 | Snake:4  | Killed Zonian's ghost
 31422 | Snake:4  | Killed STUDMUFFIN1's ghost
 31434 | Snake:4  | Killed croobank's ghost
 31435 | Snake:4  | Gained mutation: You regenerate a little health from kills.
                  | [demonic ancestry]
 31435 | Snake:4  | Reached XP level 18. HP: 108/151 MP: 20/21
 32783 | Snake:4  | Received a gift from Okawaru
 33936 | Snake:4  | Got the Collected Works on the Shift and Clouds
 33955 | Snake:4  | Got a serpentine rune of Zot
 34232 | Orc:1    | Entered Level 1 of the Orcish Mines
 34368 | Orc:2    | Entered Level 2 of the Orcish Mines
 34424 | Orc:2    | Found a staircase to the Elven Halls.
 34607 | Orc:1    | Found Leanauru's Antique Armour Shop.
 34676 | Orc:1    | Noticed Gastronok
 34740 | Orc:1    | Killed Gastronok
 34740 | Orc:1    | Identified the +2 robe of the Grinning Gods {+Blink}
                  | (Okawaru gifted it to you on level 1 of the Orcish Mines)
 34740 | Orc:1    | Received a gift from Okawaru
 34741 | Orc:1    | Reached skill level 17 in Fighting
 34749 | Orc:1    | You are sucked into a shaft and drop 1 floor!
 35114 | Orc:2    | Found Ipnulas's General Store.
 35125 | Orc:2    | Bought a potion of haste for 140 gold pieces
 35125 | Orc:2    | Bought a potion of heal wounds for 70 gold pieces
 35125 | Orc:2    | Bought a scroll of blinking for 105 gold pieces
 35211 | Orc:2    | Found Louveott's Jewellery Emporium.
 35226 | Orc:2    | Found Esosodu's Antique Weapon Emporium.
 35242 | Orc:2    | Found Otuh Pym's Antique Armour Emporium.
 35427 | Elf:1    | Entered Level 1 of the Elven Halls
 36206 | Elf:1    | Found Zijyppagg's Neck Hole.
 36379 | Elf:1    | Found Renan's Weapon Shop.
 36611 | Elf:1    | Reached skill level 15 in Armour
 36902 | Elf:2    | Found Coliwnoi's Jewellery Shop.
 37050 | Elf:2    | Gained mutation: You regenerate health from kills. [demonic
                  | ancestry]
 37050 | Elf:2    | Reached XP level 19. HP: 161/161 MP: 22/22
 37170 | Elf:2    | Received a gift from Okawaru
 37180 | Elf:2    | Found a runed translucent gate.
 37180 | Elf:2    | Found a runed translucent gate.
 37182 | Elf:2    | Found a runed translucent gate.
 37256 | Elf:2    | Found a runed translucent gate.
 37256 | Elf:2    | Found a runed translucent gate.
 37256 | Elf:2    | Found a runed translucent gate.
 37389 | Elf:2    | Noticed Asterion
 37400 | Elf:2    | Killed Asterion
 37980 | Elf:2    | Noticed Agnes
 37990 | Elf:2    | Killed Agnes
 38879 | Elf:3    | Entered Level 3 of the Elven Halls
 38919 | Elf:3    | Identified the ring "Dugoic" {Contam Fly Int+9 SInv}
 39017 | Elf:3    | Reached skill level 18 in Fighting
 39178 | Elf:3    | Received a gift from Okawaru
 39217 | Elf:3    | Paralysed by an air elemental for 1 turns
 39222 | Elf:3    | Paralysed by an air elemental for 1 turns
 39579 | Elf:3    | Noticed Aizul
 39709 | Elf:2    | Killed Aizul
 40508 | Elf:3    | Identified the +2 steam dragon scales "Imu Ata" {Regen+
                  | rCorr Str+2} (Okawaru gifted it to you on level 3 of the
                  | Elven Halls)
 40508 | Elf:3    | Received a gift from Okawaru
 40715 | Elf:3    | Identified the ring of Awiviuco {rPois rCorr Dex+3}
 40810 | Elf:3    | Identified the staff of air "Kanih" {rElec rN+ Will+ rCorr
                  | Stlth+}
 40945 | Elf:3    | Got Basanuj's Folio of Blistering Terra Firma
 40948 | Elf:3    | Identified the amulet "Sownok" {Harm Regen+}
 41192 | Elf:3    | Reached skill level 1 in Shields
 41227 | Elf:3    | Paralysed by an air elemental for 1 turns
 41230 | Elf:3    | Paralysed by an air elemental for 1 turns
 41370 | Elf:3    | Paralysed by an air elemental for 1 turns
 41374 | Elf:3    | Paralysed by an air elemental for 1 turns
 41422 | Elf:3    | Got the Incunabulum of Austromancy
 41674 | Elf:3    | Got Vyepiorph's Codex of the Winter
 42136 | Depths:1 | Entered Level 1 of the Depths
 42137 | Depths:1 | Found a gateway to Hell.
 42148 | Depths:1 | Reached XP level 20. HP: 163/172 MP: 23/23
 42254 | Depths:1 | Reached skill level 5 in Shields
 42482 | Depths:1 | Found a corrupted altar of Lugonu.
 42483 | Depths:1 | Found a one-way gate to the infinite horrors of the Abyss.
 42659 | Depths:1 | Found a one-way gateway to a ziggurat.
 42790 | Depths:1 | Noticed a golden dragon
 43270 | Depths:1 | Killed a golden dragon
 43270 | Depths:1 | Received a gift from Okawaru
 43602 | Depths:1 | Reached skill level 19 in Fighting
 44229 | Depths:2 | Identified the +1 chain mail of Goudgh {rElec rPois Str-3}
 44308 | Depths:2 | Found a one-way gate leading to the halls of Pandemonium.
 44329 | Abyss:2  | Found a corrupted altar of Lugonu.
 44329 | Abyss:2  | Cast into level 2 of the Abyss (reaper)
 44450 | Abyss:2  | Received a gift from Okawaru
 44669 | Depths:2 | Escaped the Abyss
 44792 | Depths:2 | Found a transporter.
 44951 | Depths:2 | Found Qyogaam's Magic Scroll Shoppe.
 44959 | Depths:2 | Bought a scroll of teleportation for 51 gold pieces
 44959 | Depths:2 | Bought a scroll of enchant armour for 127 gold pieces
 45025 | Depths:2 | Found a portal to a secret trove of treasure.
 45092 | Depths:2 | Found a transporter.
 45095 | Depths:2 | Found the +8 trishula "Condemnation" {holy, anguish, *Noise
                  | Fly rN+}
 45281 | Depths:2 | Noticed a caustic shrike
 45285 | Depths:2 | Noticed a caustic shrike
 45557 | Depths:2 | Killed a caustic shrike
 45558 | Depths:2 | Gained mutation: You are mostly covered in sharp spines.
                  | [demonic ancestry]
 45558 | Depths:2 | Reached XP level 21. HP: 174/182 MP: 22/24
 45578 | Depths:2 | Killed a caustic shrike
 45608 | Depths:2 | Reached skill level 20 in Fighting
 45662 | Depths:2 | Identified the ring "Qaluchaw" {+Blink Fly Will+}
 45685 | Depths:2 | Got the Spellbook of the Glacier
 45699 | Depths:2 | Identified the amulet of Doubts {-Cast rElec Regen+ Dex+2}
 45789 | Depths:2 | Upgraded the game from 0.30.0-11-gf55b779eaf to
                  | 0.30.0-13-g156ef70053
 45892 | Depths:2 | Received a gift from Okawaru
 46477 | Depths:3 | Paralysed by a floating eye for 3 turns
 46759 | Depths:3 | Received a gift from Okawaru
 46759 | Depths:3 | Found the +2 cloak of the Thief {*Fog Slay-2 SInv Stlth+}
 46769 | Depths:3 | Found a runed translucent gate.
 46769 | Depths:3 | Found a runed translucent gate.
 46769 | Depths:3 | Found a runed translucent gate.
 48049 | Depths:3 | Noticed Louise
 48063 | Depths:3 | Killed Louise
 48138 | Depths:3 | Found a hazy altar of Hepliaklqana.
 48541 | Depths:3 | Noticed a golden dragon
 48561 | Depths:3 | Killed a golden dragon
 48624 | Depths:3 | Noticed a golden dragon
 48626 | Depths:3 | Identified the +6 broad axe of the Hurling Gods {vamp, rF+
                  | rC+ Dex-4 Stlth+}
 48626 | Depths:3 | Identified the ring of Asceticism {rElec rN+ Str-5 Int+7
                  | Dex+3}
 48659 | Depths:3 | Noticed a juggernaut
 48728 | Depths:3 | Found a runed translucent gate.
 48728 | Depths:3 | Found a runed translucent gate.
 48728 | Depths:3 | Found a runed translucent gate.
 48851 | Depths:4 | Entered Level 4 of the Depths
 48949 | Depths:4 | Reached skill level 21 in Fighting
 49036 | Depths:4 | Found a gate to the Realm of Zot.
 49142 | Depths:4 | Noticed Frederick
 49157 | Depths:4 | Killed Frederick
 49162 | Depths:4 | Identified the +10 short sword of Pandemonium {spect, Int-2
                  | Dex+5}
 49315 | Depths:4 | Noticed a juggernaut
 49319 | Depths:4 | Paralysed by a floating eye for 4 turns
 49333 | Depths:4 | Paralysed by a floating eye for 3 turns
 49347 | Depths:4 | Killed a juggernaut
 49354 | Depths:4 | Received a gift from Okawaru
 49473 | Depths:4 | Found a sparkling altar of Nemelex Xobeh.
 49899 | Depths:4 | Gained mutation: You regenerate a lot of health from kills.
                  | [demonic ancestry]
 49899 | Depths:4 | Reached XP level 22. HP: 180/180 MP: 25/25
 50417 | Depths:4 | Upgraded the game from 0.30.0-13-g156ef70053 to
                  | 0.30.0-15-g856e2d3f33
 50914 | Vaults:1 | Entered Level 1 of the Vaults
 51230 | Vaults:1 | Received a gift from Okawaru
 51316 | Vaults:1 | Reached skill level 22 in Fighting
 51317 | Vaults:1 | Paralysed by a great orb of eyes for 5 turns
 51810 | Vaults:1 | Found Plog's Antique Weapon Boutique.
 52856 | Vaults:2 | Received a gift from Okawaru
 53021 | Vaults:2 | Found a staircase to the Crypt.
 53021 | Vaults:2 | Found a basalt altar of Yredelemnul.
 53021 | Vaults:2 | Found an ancient bone altar of Kikubaaqudgha.
 53191 | Vaults:2 | Noticed Nikola
 53212 | Vaults:2 | Killed Nikola
 53541 | Vaults:3 | Reached skill level 23 in Fighting
 53576 | Vaults:3 | Noticed Bai Suzhen
 53588 | Vaults:3 | Killed Bai Suzhen
 53630 | Vaults:3 | Reached XP level 23. HP: 206/206 MP: 26/26
 53669 | Vaults:2 | Upgraded the game from 0.30.0-15-g856e2d3f33 to
                  | 0.30.0-17-ge0270778cf
 53881 | Vaults:3 | Noticed Donald
 53893 | Vaults:3 | Killed Donald
 54125 | Vaults:3 | Found a large runed translucent door.
 54125 | Vaults:3 | Found a large runed translucent door.
 54125 | Vaults:3 | Found a large runed translucent door.
 54125 | Vaults:3 | Found a large runed translucent door.
 54125 | Vaults:3 | Found a large runed translucent door.
 54125 | Vaults:3 | Found a large runed translucent door.
 54125 | Vaults:3 | Found a large runed translucent door.
 54125 | Vaults:3 | Found a large runed translucent door.
 54125 | Vaults:3 | Noticed Gos Vomu's ghost (adept DsFi)
 54147 | Vaults:3 | Killed Gos Vomu's ghost
 54256 | Vaults:3 | Identified the +0 cloak of Tomorrow {*Slow Str+4 Stlth+}
                  | (Okawaru gifted it to you on level 3 of the Vaults)
 54256 | Vaults:3 | Received a gift from Okawaru
 54971 | Vaults:3 | Identified the +1 robe of Tortured Amelioration {Harm
                  | Rampage Str+6 Dex-2}
 54991 | Vaults:3 | Reached skill level 24 in Fighting
 54992 | Vaults:3 | Paralysed by a great orb of eyes for 4 turns
 55385 | Vaults:4 | Found Vaforr's Distillery.
 56171 | Vaults:5 | Entered Level 5 of the Vaults
 56199 | Vaults:5 | Noticed an ancient lich
 56240 | Vaults:5 | Identified the +8 war axe of Sequestration {freeze, rC+}
 56247 | Vaults:5 | Killed an ancient lich
 56250 | Vaults:5 | Received a gift from Okawaru
 56263 | Vaults:5 | Noticed a dread lich
 56283 | Vaults:5 | Identified the ring "Omeor" {Ice rN+}
 56283 | Vaults:5 | Paralysed by something for 4 turns
 56292 | Vaults:5 | Killed a dread lich
 56530 | Vaults:5 | Identified the ring of Hedonism {*Corrode MP+9 AC+4 Str+3}
 56540 | Vaults:5 | Gained mutation: You are completely covered in sharp
                  | spines. [demonic ancestry]
 56540 | Vaults:5 | Reached XP level 24. HP: 198/202 MP: 26/26
 56548 | Vaults:5 | Identified the +7 rapier of Qenutu {venom, Str+5}
 56548 | Vaults:5 | Identified the amulet "Pegicuq" {Spirit Str+4}
 56550 | Vaults:5 | Identified the amulet of the Original Sin {+Inv rElec
                  | Regen+}
 56563 | Vaults:5 | Noticed a dread lich
 56581 | Vaults:5 | Killed a dread lich
 56581 | Vaults:5 | Paralysed by a sphinx for 4 turns
 56605 | Vaults:5 | a titan changed into a shard shrike
 56605 | Vaults:5 | Noticed a shard shrike (glowing shapeshifter)
 56606 | Vaults:5 | a shard shrike changed into a juggernaut
 56606 | Vaults:5 | Noticed a juggernaut (glowing shapeshifter)
 56613 | Vaults:5 | a juggernaut changed into a shard shrike
 56613 | Vaults:5 | Noticed a shard shrike (glowing shapeshifter)
 56619 | Vaults:5 | Killed a shard shrike
 56632 | Vaults:5 | Reached skill level 25 in Fighting
 56706 | Vaults:5 | Identified the ring of Cephesos {Fire rN+ Str-4 Dex+2
                  | Stlth+}
 56783 | Vaults:5 | Identified the ring "Xiloazxi" {rC- MP+9 Dex+3}
 56892 | Vaults:5 | Noticed Jory
 56916 | Vaults:5 | Killed Jory
 56916 | Vaults:5 | Identified the +1 robe "Lethrukhli" {Fly} (Okawaru gifted
                  | it to you on level 5 of the Vaults)
 56916 | Vaults:5 | Received a gift from Okawaru
 56940 | Vaults:5 | Got a silver rune of Zot
 56947 | Vaults:5 | Identified the +0 robe of Loap {-Cast rF++ rN+++ Dex+2}
 57011 | Vaults:5 | Identified the +5 chain mail of Poqiorch {+Blink rCorr
                  | Dex+4}
 57051 | Vaults:5 | Identified the +2 dagger "Qongusozu" {speed, Str+3}
 57168 | Vaults:5 | Identified the +5 mace of Evuwnek {elec, *Slow rElec rN+
                  | Int+2}
 57224 | Vaults:5 | Identified the ring "Otuim" {Int+3 Dex+6}
 57530 | Abyss:3  | Cast into level 3 of the Abyss (a deep elf sorcerer)
 57597 | Abyss:3  | Paralysed by accursed screaming for 2 turns
 57602 | Abyss:3  | Paralysed by accursed screaming for 2 turns
 57608 | Abyss:3  | Paralysed by accursed screaming for 2 turns
 57613 | Abyss:3  | Paralysed by accursed screaming for 2 turns
 57675 | Vaults:5 | Escaped the Abyss
 57906 | Vaults:5 | Identified the staff of poison "Astras" {rPois rCorr}
 58356 | Vaults:5 | Upgraded the game from 0.30.0-17-ge0270778cf to
                  | 0.30.0-18-gc0e69614cb
 58694 | Zot:1    | Entered Level 1 of the Realm of Zot
 58723 | Zot:1    | Found a transporter.
 58786 | Zot:1    | Received a gift from Okawaru
 58794 | Zot:1    | Paralysed by a Zot trap for 4 turns
 58824 | Zot:1    | Reached skill level 26 in Fighting
 58859 | Zot:1    | Found a transporter.
 58934 | Zot:1    | Found a transporter.
 58941 | Zot:1    | Found a transporter.
 59148 | Zot:1    | Noticed an orb of fire
 59156 | Zot:1    | Gained mutation: You occasionally lose the ability to read
                  | scrolls when taking damage. [an orb of fire]
 59164 | Zot:1    | Gained mutation: Your body sometimes deteriorates upon
                  | taking damage. [an orb of fire]
 59169 | Zot:1    | Killed an orb of fire
 59404 | Zot:1    | Found a transporter.
 59405 | Zot:1    | Found a transporter.
 59566 | Zot:1    | Gained mutation: Your presence sometimes corrodes those you
                  | injure. [demonic ancestry]
 59566 | Zot:1    | Reached XP level 25. HP: 228/229 MP: 26/26
 59651 | Zot:2    | Noticed a Killer Klown
 59660 | Zot:2    | Killed a Killer Klown
 59730 | Zot:2    | Received a gift from Okawaru
 59734 | Zot:2    | Noticed Parghit
 59776 | Zot:2    | Killed Parghit
 60306 | Zot:2    | You are sucked into a shaft and drop 2 floors!
 60642 | Zot:2    | Received a gift from Okawaru
 61346 | Zot:3    | Reached skill level 27 in Fighting
 62349 | Zot:5    | Entered Level 5 of the Realm of Zot
 62366 | Zot:5    | Received a gift from Okawaru
 63129 | Zot:5    | Noticed a dread lich
 63148 | Zot:5    | Paralysed by a dread lich for 2 turns
 63150 | Zot:5    | Noticed an ancient lich
 63164 | Zot:5    | Killed a dread lich
 63171 | Zot:5    | Killed an ancient lich
 63209 | Zot:5    | Noticed an orb of fire
 63231 | Zot:5    | Killed an orb of fire
 63556 | Zot:5    | Noticed a Killer Klown
 63575 | Zot:5    | Killed a Killer Klown
 63598 | Zot:5    | Noticed an orb of fire
 63606 | Zot:5    | Gained mutation: You sometimes lose your temper in combat.
                  | [an orb of fire]
 63614 | Zot:5    | Killed an orb of fire
 63634 | Zot:5    | Gained mutation: Your presence sometimes corrodes or
                  | deforms those you injure. [demonic ancestry]
 63634 | Zot:5    | Reached XP level 26. HP: 207/242 MP: 26/26
 63634 | Zot:5    | Noticed an orb of fire
 63635 | Zot:5    | Gained mutation: You are weak. (Str -2) [an orb of fire]
 63646 | Zot:5    | Gained mutation: Your spells are a little easier to cast,
                  | but a little less powerful. [an orb of fire]
 63652 | Zot:5    | Killed an orb of fire
 63668 | Zot:5    | Noticed an orb of fire
 63700 | Zot:5    | Lost mutation: Your spells are a little easier to cast, but
                  | a little less powerful. [potion of mutation]
 63700 | Zot:5    | Lost mutation: Your flesh is cold resistant. (rC+) [potion
                  | of mutation]
 63700 | Zot:5    | Lost mutation: Your magical capacity is low. (-10% MP)
                  | [potion of mutation]
 63700 | Zot:5    | Gained mutation: You passively dampen the noise of your
                  | surroundings. [potion of mutation]
 63700 | Zot:5    | Lost mutation: You passively dampen the noise of your
                  | surroundings. [potion of mutation]
 63701 | Zot:5    | Lost mutation: You sometimes lose your temper in combat.
                  | [potion of mutation]
 63701 | Zot:5    | Lost mutation: Your body sometimes deteriorates upon taking
                  | damage. [potion of mutation]
 63701 | Zot:5    | Lost mutation: You occasionally lose the ability to read
                  | scrolls when taking damage. [potion of mutation]
 63701 | Zot:5    | Gained mutation: You are frail. (-10% HP) [potion of
                  | mutation]
 63701 | Zot:5    | Gained mutation: You are clumsy. (Dex -2) [potion of
                  | mutation]
 63701 | Zot:5    | Gained mutation: Your movements are slightly less
                  | encumbered by armour. (ER -2) [potion of mutation]
 63702 | Zot:5    | Lost mutation: Your movements are slightly less encumbered
                  | by armour. (ER -2) [potion of mutation]
 63702 | Zot:5    | Lost mutation: You are clumsy. (Dex -2) [potion of
                  | mutation]
 63702 | Zot:5    | Lost mutation: You are weak. (Str -2) [potion of mutation]
 63702 | Zot:5    | Gained mutation: Your muscles are strong. (Str +4, Int/Dex
                  | -1) [potion of mutation]
 63702 | Zot:5    | Gained mutation: You are vulnerable to heat. (rF-) [potion
                  | of mutation]
 63703 | Zot:5    | Lost mutation: Your muscles are strong. (Str +4, Int/Dex
                  | -1) [potion of mutation]
 63703 | Zot:5    | Lost mutation: You are frail. (-10% HP) [potion of
                  | mutation]
 63703 | Zot:5    | Lost mutation: You are vulnerable to heat. (rF-) [potion of
                  | mutation]
 63703 | Zot:5    | Gained mutation: You are covered in fur. (AC +1) [potion of
                  | mutation]
 63703 | Zot:5    | Gained mutation: Your natural rate of healing is unusually
                  | fast. [potion of mutation]
 63736 | Zot:5    | Noticed a dread lich
 63743 | Zot:5    | Paralysed by a dread lich for 5 turns
 63746 | Zot:5    | Gained mutation: You are clumsy. (Dex -2) [an orb of fire]
 63748 | Zot:5    | Gained mutation: Your magical capacity is low. (-10% MP)
                  | [an orb of fire]
 63758 | Zot:5    | Killed an orb of fire
 63758 | Zot:5    | Received a gift from Okawaru
 63770 | Zot:5    | Killed a dread lich
 63801 | Zot:5    | Noticed an orb of fire
 63809 | Zot:5    | Gained mutation: You occasionally lose the ability to drink
                  | potions when taking damage. [an orb of fire]
 63816 | Zot:5    | Gained mutation: Your magical capacity is very low. (-20%
                  | MP) [an orb of fire]
 63820 | Zot:5    | Killed an orb of fire
 63955 | Zot:5    | Noticed an orb of fire
 64036 | Zot:5    | Noticed a dread lich
 64043 | Zot:5    | Paralysed by a dread lich for 5 turns
 64061 | Zot:5    | Paralysed by something for 5 turns
 64064 | Zot:5    | Killed a dread lich
 64068 | Zot:5    | Noticed an orb of fire
 64081 | Zot:5    | Gained mutation: You sometimes lose the ability to drink
                  | potions when taking damage. [an orb of fire]
 64082 | Zot:5    | Killed an orb of fire
 64098 | Zot:5    | Noticed an orb of fire
 64114 | Zot:5    | Gained mutation: You are weak. (Str -2) [an orb of fire]
 64119 | Zot:5    | Killed an orb of fire
 64352 | Zot:5    | Noticed an orb of fire
 64362 | Zot:5    | Gained mutation: You are very weak. (Str -4) [an orb of
                  | fire]
 64369 | Zot:5    | Gained mutation: You sometimes lose your temper in combat.
                  | [an orb of fire]
 64371 | Zot:5    | Gained mutation: You have an uncontrollable temper. [an orb
                  | of fire]
 64375 | Zot:5    | Gained mutation: Potions are less effective at restoring
                  | your health. [an orb of fire]
 64377 | Zot:5    | Killed an orb of fire
 64384 | Zot:5    | HP: 11/242 [green draconian monk (8)]
 64384 | Zot:5    | Killed from afar by an orb of fire

Illustrated notes

Levels and vault maps discovered:
D:1:      dpeg_arrival_rooms_b, layout_basic, roderic_serpentine_path,
          minmay_hedge_maze
D:2:      layout_basic
D:3:      layout_basic, gammafunk_ghost_smash, nicolae_ecumenical_pavilion,
          minmay_close_crescents
D:4:      layout_loops_cross, serial_bayou_lake_a, uniq_eustachio
D:5:      layout_gridville, lemuel_round_altar, minmay_divided_ellipse,
          uniq_duvessa
D:6:      layout_basic, mainiacjoe_overflow_boulevard,
          minmay_temple_entry_proselytizer, hangedman_abyss_or_decor_stagger,
          kennysheep_decorative_pillar, minmay_increasing_density, uniq_sigmund
D:7:      layout_basic, chequers_mini_garden, uniq_pikel
D:8:      gammafunk_sealed_arena, layout_cave_pools,
          mainiacjoe_overflow_six_doors_small, uniq_psyche
D:9:      layout_rooms, nicolae_tso_swordbearing_angel, lemuel_crystal_altar,
          nicolae_uskayaw_en_pointe, hellmonk_guarded_unrand_vines, uniq_erica,
          uniq_grum
D:10:     layout_rooms, grunt_temple_overflow_open, overflow_temple_1_default,
          due_lair_maze_entry_diamond
D:11:     layout_layer_cave, kennysheep_generic_room_5, uniq_josephine
D:12:     layout_loops_ring, minmay_mirror_moons_of_madness, uniq_kirke,
          uniq_erolcha
D:13:     layout_rooms, minmay_hidden_floor
D:14:     layout_stronghold, grunt_vaults_entry_fortified, minivault_27,
          uniq_roxanne, uniq_rupert
D:15:     grunt_enter_depths_hoard, layout_cave_pools, serial_column_ruins,
          column_ruins_open_large, column_ruins_columns_straight,
          column_ruins_corridor_straight, column_ruins_grid_1,
          column_ruins_grid_3, billiards_dpeg
Temple:   hellmonk_temple_forest_ring
Lair:1:   layout_long_grid, nicolae_quartered_pool_medium,
          chequers_serial_rivers_micro_c
Lair:2:   layout_regular_city, minmay_snake_entry_guardpost_small, uniq_sonja
Lair:3:   layout_cave_pods, elwin_shoals_entry_rocks, serial_bayou_shore_a,
          uniq_nergalle
Lair:4:   layout_long_grid
Lair:5:   hangedman_lair_in_review, layout_regular_city,
          hangedman_lair_tendril_chambers, slime_entry_2,
          gammafunk_lair_bear_cave, serial_bayou_shore_b, uniq_urug
Shoals:1: layout_shoals
Shoals:2: nicolae_shoals_aurelia_aurita, layout_shoals,
          nicolae_shoals_nymph_descending_staircase
Shoals:3: layout_shoals, st_sunken_temple, uniq_ilsuiw
Shoals:4: shoals_end_simple, layout_shoals, serial_shops, bzr_entry_water
Snake:1:  layout_rooms, serial_shops, nicolae_shop_tiny_real_fake_doors,
          nicolae_snake_slithery_hallway, uniq_jorgrun
Snake:2:  kennysheep_six_static_rooms, layout_misc_corridors, minmay_shop_grove,
          lemuel_fruit_tree
Snake:3:  cheibrodos_snake_ritualist_ritual, layout_grid_maze, drop_trap,
          nicolae_snake_gridmaze_squiggle, st_stairs_4,
          nicolae_coiled_stairwell_up
Snake:4:  snake_pit_salamanders_mu, layout_gridlike, gammafunk_ghost_cemetery
Orc:1:    orc_temple, layout_caves, serial_shops,
          nicolae_shop_tiny_statue_garden, mines_bat_river, uniq_gastronok,
          uniq_harold
Orc:2:    grunt_orc_cross, layout_diamond_mine, basic_altar
Elf:1:    eino_elf_arrival_the_gate, layout_loops_corners, serial_shops, shop,
          evilmike_minifort, hangedman_elf_simple_split, drop_trap,
          nicolae_shop_sticking_my_neck_out
Elf:2:    elven_hall_of_blades_hangedman_original
          [infiniplex_blade_entry_pillars], layout_loops_corners, serial_shops,
          nicolae_shop_gaudy_bauble, drop_trap,
          nicolae_elf_glass_and_crystal_pillar_1, nicolae_elf_hall_of_bonks,
          uniq_asterion, uniq_agnes
Elf:3:    minmay_elf_hall_x, layout_geoelf_diagonals,
          minmay_misc_feat_diagonals, nicolae_elf_loose_elemental_storage,
          uniq_aizul
Vaults:1: nicolae_vaults_circle_grid_a, ontoclasm_vaults_hangar, v_misc_26,
          vaults_room_grid, nicolae_vaults_door_testing_chamber,
          nicolae_vaults_corridor_and_loot_room, hangedman_vaults_river_flow,
          nicolae_vaults_heart-shaped_vault, v_pattern_1,
          grunt_vaults_hallway_long, nicolae_vaults_closet_pinwheel_3,
          vaults_room_hallway, layout_vaults_omnibox, serial_shops, shop
Vaults:2: vaults_room_boxed, nicolae_vaults_trapezoid_4,
          nicolae_vaults_windows_and_doors_thing, minmay_crypt_entry_necro_gods,
          vaults_dpeg_encased_lava, v_misc_22, v_misc_22,
          vaults_room_grunt_arrival_ludios, nicolae_vaults_security_offices_2,
          ontoclasm_vaults_gateway, layout_vaults_omnigrid, uniq_nikola
Vaults:3: advil_vaults_ghost_lines, v_misc_22, nicolae_vaults_two_Ls,
          vaults_room_door_ring, vaults_standard_mumra_lines, v_alt_pattern_5,
          st_check, v_misc_30, vaults_mumra_hex, nicolae_vaults_circle_grid_b,
          nicolae_vaults_tetromino_T_1, vaults_mumra_chevron_long, v_misc_25,
          layout_vaults_big_cross, uniq_bai_suzhen, uniq_donald
Vaults:4: nicolae_vaults_layer_cake_slice, v_rooms_4, hangedman_vaults_corner,
          vaults_room_semicircle, nicolae_vaults_alarming,
          nicolae_vaults_bisected_exclaves, ontoclasm_vaults_ring_square,
          nicolae_vaults_trapezoid_3, nicolae_vaults_house_3,
          nicolae_vaults_asterisk, layout_vaults_big_room, serial_shops, shop
Vaults:5: uniq_jory
Depths:1: minmay_open_boxes_in_corner, layout_cave_pools, enter_ziggurat_f,
          chequers_serial_rivers_marsh, abyss_entry_flame_altar, hell_entry,
          kennysheep_random_hallway
Depths:2: gammafunk_dig_for_victory, layout_cave_shapes,
          minmay_misc_feat_secret_circle, serial_shops,
          nicolae_shop_tiny_real_fake_doors, rand_demon_pan_entry_3, hell_entry,
          nicolae_trove_entry_crossroad, hangedman_corner_corridor
Depths:3: kennysheep_treasure_stockpile, layout_honeycomb, hell_entry,
          nicolae_abyss_entry_one_way_or_another, nzn_hepliaklqana_mist_gate
Depths:4: grunt_x_marks_the_spot, layout_honeycomb, hell_entry,
          minmay_misc_feat_square, hex_tiny, nemelex_xobeh_ov_fountains_minmay,
          uniq_frederick
Zot:1:    layout_twisted_circle, hangedman_zot_decor_scrapings, st_stairs_6,
          serial_nicolae_subway, nicolae_sub_station_crystal,
          nicolae_sub_station_stone, nicolae_sub_station_metal
Zot:2:    layout_basic, uniq_parghit
Zot:3:    layout_gridlike, st_stairs_3
Zot:4:    kennysheep_blocky_room, layout_twisted_circle
Zot:5:    layout_twisted_circle, grunt_ministairs_6

Skill      XL: |  1  2  3  4  5  6  7  8  9 10 11 12 13 14 15 16 17 18 19 20 21 22 23 24 25 26 |
---------------+-------------------------------------------------------------------------------+-----
Fighting       | 4 5 6 7 8 9 10 11 13 14 16 17 18 19 21 23 24 26 27 | 27.0
Dodging        | 3 4 5 |  5.0
Maces & Flails | 3 6 8 9 11 13 15 16 18 | 18.1
Armour         | 3 5 8 10 12 13 15 16 17 19 20 22 23 25 26 | 26.2
Spellcasting   | 3 |  3.1
Invocations    | 6 8 |  8.0
Ranged Weapons | 8 11 13 14 15 17 18 | 18.0
Shields        | 3 8 |  8.0
Unarmed Combat | |  2.6

Action                     |  1- 3 |  4- 6 |  7- 9 | 10-12 | 13-15 | 16-18 | 19-21 | 22-24 | 25-27 || total
---------------------------+-------+-------+-------+-------+-------+-------+-------+-------+-------++-------
  Melee: Unarmed           |     8 |       |       |       |       |       |       |       |       ||     8
         Mace              |     1 |       |       |       |       |       |       |       |       ||     1
         Flail             |       |   121 |   319 |     7 |       |       |       |       |       ||   447
         Headbutt          |       |    15 |    91 |   177 |   179 |   310 |   454 |   723 |   307 ||  2256
         Morningstar       |       |       |       |   551 |    70 |       |       |       |       ||   621
         Dire flail        |       |       |       |       |   621 |  1090 |   176 |       |       ||  1887
         Eveningstar       |       |       |       |       |       |       |  1164 |  1819 |   837 ||  3820
         Punch             |       |       |       |       |       |       |     6 |       |       ||     6
   Fire: Sling             |   122 |    69 |     7 |     9 |       |       |       |       |       ||   207
         Longbow           |       |       |       |       |   102 |   143 |   181 |       |       ||   426
 Invoke: Heroism           |       |       |       |       |       |     6 |     5 |       |     3 ||    14
         Finesse           |       |       |       |       |       |     4 |     3 |       |     2 ||     9
  Evoke: Wand              |       |       |    15 |     1 |       |       |       |       |       ||    16
    Use: Potion            |       |     2 |    13 |       |       |     8 |     1 |       |     4 ||    28
         Scroll            |       |     1 |    10 |     8 |     3 |     7 |    17 |     1 |     1 ||    48
   Stab: Sleeping          |     1 |       |       |       |     1 |       |       |       |       ||     2
 Armour: Ring mail         |    30 |   104 |       |       |       |       |       |       |       ||   134
         Robe              |     1 |       |       |   109 |    39 |       |       |       |       ||   149
         Leather armour    |       |     4 |   144 |   119 |       |       |       |       |       ||   267
         Skin              |       |       |    30 |       |       |       |       |       |       ||    30
         Crystal plate arm |       |       |       |       |   521 |   829 |  1074 |   941 |   465 ||  3830
  Dodge: Dodged            |    45 |   161 |   238 |   494 |   364 |   563 |   461 |   431 |   210 ||  2967
  Block: Other             |       |       |       |       |   137 |   444 |   128 |       |       ||   709
         Kite shield       |       |       |       |       |       |       |     4 |       |       ||     4
         Buckler           |       |       |       |       |       |       |   851 |  1325 |   551 ||  2727
         Reflection        |       |       |       |       |       |       |     2 |    46 |     8 ||    56
